Map: Ice and Chrome LE

Players

Subang - Winner!

  • Race: Zerg Zerg
  • League: Diamond
  • Spawn Location: 1:00

A.I. 1 (Elite)

  • Race: Zerg Zerg
  • Spawn Location: 7:00

VOD

Have the link to the VOD?

Description

Time

  • Played on: July 22, 2020, 5:07 a.m.
  • Length: 9:25
Show
View Real Time Build Order
Export as new Build Order

Subang Zerg - Winner!

Build Orders: Hatch First 

Get SALT Encoding   

  12  0:01  Drone  
  13  0:13  Overlord  
  13  0:16  Drone  
  14  0:31  Drone x2  
  16  0:50  Hatchery  
  16  0:53  Drone  
  16  0:56  Drone  
  17  0:59  Drone  
  18  1:10  Extractor  
  17  1:16  Spawning Pool  
  16  1:19  Drone  
  16  1:22  Drone  
  18  1:28  Drone  
  19  1:39  Drone  
  20  1:50  Overlord  
  20  2:03  Queen x2  
  20  2:04  Drone, Zergling x2  
  26  2:11  Drone  
  26  2:13  Drone  
  29  2:22  Drone  
  29  2:25  Drone  
  30  2:32  Overlord  
  30  2:34  Drone  
  31  2:40  Queen  
  31  2:42  Lair  
  33  2:46  Drone  
  33  2:47  Drone  
  35  2:54  Drone  
  35  2:56  Drone  
  37  3:05  Evolution Chamber  
  37  3:06  Drone  
  37  3:08  Roach Warren  
  37  3:09  Overlord  
  37  3:12  Drone  
  37  3:14  Drone  
  37  3:16  Drone  
  37  3:19  Drone  
  40  3:22  Drone  
  40  3:23  Drone  
  40  3:24  Drone  
  43  3:27  Drone  
  43  3:32  Zerg Missile Weapons Level 1  
  43  3:33  Drone  
  45  3:35  Drone  
  45  3:41  Extractor  
  45  3:42  Extractor, Drone  
  45  3:45  Drone  
  45  3:47  Glial Reconstitution  
  46  3:51  Drone  
  46  3:53  Drone x2  
  49  4:05  Roach  
  49  4:07  Drone  
  49  4:09  Overlord  
  52  4:13  Hatchery  
  52  4:15  Overlord  
  51  4:24  Evolution Chamber  
  51  4:27  Roach x2  
  51  4:28  Roach  
  56  4:35  Roach  
  58  4:40  Roach  
  60  4:48  Roach  
  60  4:49  Roach x2  
  60  4:50  Zerg Ground Armor Level 1  
  60  4:51  Roach  
  68  4:53  Overlord  
  68  5:02  Overlord  
  68  5:13  Roach x4  
  76  5:14  Overlord  
  76  5:20  Roach  
  76  5:21  Roach x3  
  84  5:26  Roach  
  84  5:27  Roach x2  
  90  5:33  Ravager  
  91  5:40  Roach  
  91  5:41  Roach x2  
  97  5:46  Drone  
  98  5:52  Overlord x2  
  98  5:53  Zerg Missile Weapons Level 2  
  98  6:01  Overlord x2  
  98  6:10  Drone x6  
  104  6:12  Drone  
  104  6:15  Drone  
  106  6:19  Overlord  
  106  6:25  Roach x2  
  110  6:34  Roach x7  
  110  6:35  Extractor  
  123  6:42  Roach x2  
  123  6:44  Roach  
  129  6:53  Roach  
  129  6:54  Roach  
  133  6:55  Overlord  
  133  7:04  Roach  
  133  7:05  Roach  
  133  7:06  Overlord x2  
  137  7:13  Overlord x2  
  137  7:26  Roach x6  
  149  7:32  Roach  
  149  7:33  Roach x4  
  159  7:38  Roach x3  
  165  7:46  Roach x2  
  165  7:47  Overlord  
  169  7:53  Overlord x2  
  169  8:01  Overlord x2  
  171  8:05  Roach  
  171  8:06  Roach x2  
  175  8:13  Roach x5  
  175  8:18  Roach  
  178  8:23  Drone x2  
  166  8:29  Roach x4  
  163  8:41  Roach  
  163  8:42  Roach x2  
  163  8:46  Roach  
  171  8:51  Roach x5  
  171  8:53  Roach x3  
Show
View Real Time Build Order
Export as new Build Order

A.I. 1 (Elite) Zerg 

Build Orders: Hatch First 

Get SALT Encoding   

  12  0:00  Drone  
  13  0:12  Overlord  
  13  0:16  Drone  
  14  0:30  Drone x2  
  14  0:34  Drone  
  17  0:54  Hatchery  
  17  0:55  Drone  
  17  1:11  Spawning Pool  
  17  1:12  Extractor  
  17  1:14  Drone  
  16  1:19  Drone  
  16  1:22  Drone  
  18  1:28  Drone  
  19  1:38  Overlord  
  19  1:58  Zergling x2  
  19  2:00  Queen, Drone  
  23  2:07  Queen  
  25  2:13  Drone  
  26  2:18  Drone  
  27  2:31  Roach Warren  
  27  2:33  Drone  
  27  2:35  Drone  
  28  2:39  Zergling x2  
  28  2:42  Zergling x2  
  30  2:48  Overlord  
  30  2:51  Drone  
  30  2:54  Drone  
  30  2:57  Drone  
  33  3:00  Drone  
  34  3:11  Roach x3  
  40  3:14  Roach  
  40  3:18  Overlord  
  42  3:20  Drone  
  42  3:23  Drone  
  44  3:27  Overlord  
  44  3:31  Overlord  
  44  3:37  Roach  
  44  3:38  Roach  
  50  3:41  Roach  
  50  3:44  Roach  
  50  3:47  Roach  
  54  3:50  Roach  
  54  3:53  Roach  
  60  3:55  Roach  
  60  3:57  Drone  
  60  4:00  Drone  
  60  4:01  Drone  
  63  4:04  Drone  
  63  4:07  Extractor  
  63  4:08  Drone  
  64  4:12  Overlord  
  64  4:17  Overlord  
  64  4:18  Drone  
  64  4:20  Drone  
  64  4:22  Drone  
  67  4:24  Drone  
  67  4:30  Roach x2  
  72  4:32  Roach  
  72  4:35  Roach  
  76  4:39  Overlord  
  76  4:43  Drone x2  
  76  4:44  Drone  
  79  4:47  Drone  
  79  4:49  Overlord  
  80  4:54  Lair  
  80  4:57  Roach  
  84  5:00  Roach  
  84  5:02  Roach  
  84  5:05  Roach  
  88  5:08  Overlord  
  88  5:10  Drone  
  89  5:14  Drone x2, Zergling x2  
  89  5:18  Zergling x2  
  89  5:20  Zergling x2  
  89  5:21  Overlord  
  94  5:26  Ravager  
  95  5:31  Extractor, Drone  
  95  5:33  Drone  
  95  5:34  Drone  
  97  5:36  Drone  
  97  5:42  Extractor  
  97  5:43  Drone  
  98  5:54  Drone x3, Overlord  
  98  5:56  Hydralisk Den  
  100  6:03  Hatchery  
  100  6:04  Drone x2  
  100  6:05  Drone, Infestation Pit  
  100  6:07  Drone  
  102  6:11  Drone  
  102  6:19  Evolution Chamber  
  102  6:22  Evolution Chamber, Drone  
  101  6:26  Hydralisk  
  101  6:27  Hydralisk  
  101  6:32  Hydralisk  
  107  6:36  Hydralisk  
  107  6:37  Overlord  
  109  6:42  Infestor  
  109  6:45  Zerg Missile Weapons Level 1  
  111  6:50  Infestor  
  113  7:02  Spine Crawler  
  113  7:03  Drone  
  113  7:05  Zerg Ground Armor Level 1  
  113  7:07  Spine Crawler  
  112  7:08  Drone  
  113  7:16  Queen, Drone x2  
  113  7:17  Drone x4, Ravager, Overlord  
  113  7:18  Drone x2  
  113  7:21  Drone x2, Hydralisk  
  113  7:22  Overseer  
  128  7:25  Extractor  
  128  7:26  Drone  
  128  7:27  Drone, Hydralisk  
  128  7:28  Drone  
  128  7:29  Drone  
  133  7:33  Extractor  
  133  7:36  Drone  
  133  7:38  Overlord  
  133  7:40  Drone  
  134  7:47  Drone  
  134  7:48  Spore Crawler  
  134  7:49  Drone  
  134  7:51  Drone  
  136  7:52  Infestor  
  136  7:53  Roach, Drone  
  136  7:58  Roach, Hydralisk x2  
  143  7:59  Overlord  
  143  8:01  Drone  
  143  8:02  Drone  
  149  8:09  Drone  
  149  8:10  Spore Crawler  
  149  8:11  Drone  
  149  8:12  Spine Crawler  
  144  8:13  Drone  
  144  8:19  Drone  
  127  8:22  Zergling x2  
  127  8:24  Roach  
  127  8:25  Roach, Zergling x2  
  104  8:27  Roach  
  104  8:28  Drone x2  
  104  8:34  Roach  
  78  8:43  Hatchery  
  78  8:44  Zergling x2  
  62  8:56  Roach, Zergling x2  
  56  9:03  Roach  
  56  9:07  Zergling x2  
Tags
 
Add a new tag
Caveats
  • Supply blocks, unpowered buildings, or Contaminate may cause inaccurate times.
  • Supply counts are checked every 10 seconds.